 Dungeon Crawl Stone Soup version 0.28.0-53-g5a82cb258f (webtiles) character file.

Game seed: 14843219360920947088

193452 DildoBatman the Earth Mage (level 19, 0/178 (182) HPs)
             Began as a Formicid Conjurer on May 29, 2022.
             Was an Initiate of Gozag.
             Slain by a naga warrior
             ... wielding a +0 glaive
              (31 damage)
             ... on level 4 of the Snake Pit.
             The game lasted 02:37:30 (39809 turns).

DildoBatman the Earth Mage (Formicid Conjurer)     Turns: 39809, Time: 02:37:30

HP:   0/178 (182)   AC: 37    Str: 16    XL:     19   Next: 43%
MP:   19/33         EV: 14    Int: 26    God:    Gozag
Gold: 5410          SH: 21    Dex: 27    Spells: 7/38 levels left

rFire   . . .      SeeInvis +   a - +8 trident "Modweus" {freeze, Str+5 Int+5 Dex+4}
rCold   . . .      Faith    .   V - +2 kite shield {AC+3}
rNeg    + . .      Spirit   .   (armour currently unavailable)
rPois   ∞          Reflect  +   (helmet unavailable)
rElec   +          Harm     .   (no cloak)
rCorr   .          Rampage  .   (gloves currently unavailable)
Will    +....      Clarity  +   (boots currently unavailable)
Stlth   +++.......              g - amulet of reflection
HPRegen 0.39/turn               j - +4 ring of protection
MPRegen 0.23/turn               T - +6 ring of dexterity

@: statue-form, constricted, studying Axes, lightly drained, very slow
A: slow and powerful, torment resistance 1, boosted hp, permanent stasis, dig
shafts and tunnels, antennae 3, four strong arms, agile 1, clarity, wild magic 1
a: Dig, Shaft Self, End Transformation, Renounce Religion, Potion Petition, Call
Merchant, Bribe Branch


You were on level 4 of the Snake Pit.
You worshipped Gozag.
Gozag was greatly pleased with you.
You were a living statue of rough stone.
You visited 5 branches of the dungeon, and saw 28 of its levels.

You collected 7993 gold pieces.
You spent 2074 gold pieces at shops.
You paid 509 gold pieces to Gozag.

Inventory:

Hand Weapons
 a - the +8 trident "Modweus" (weapon) {freeze, Str+5 Int+5 Dex+4}
   (You took it off a spriggan on level 6 of the Lair of Beasts)

   It freezes those it strikes, dealing additional cold damage.
   It can also slow down cold-blooded creatures.
   Str:       It affects your strength (+5).
   Int:       It affects your intelligence (+5).
   Dex:       It affects your dexterity (+4).
 b - a +4 shortbow
 d - a +3 scimitar of flaming
Missiles
 f - 373 bolts
 u - 162 sling bullets
 x - 12 javelins (quivered)
 D - a throwing net
 L - 992 arrows
Armour
 m - the +5 ring mail of the Goldsmith {-Cast Regen+ rCorr Dex-4}
   (You found it on level 6 of the Lair of Beasts)

   Dex:       It affects your dexterity (-4).
   -Cast:     It prevents spellcasting.
   Regen:     It increases your rate of health regeneration.
   rCorr:     It protects you from acid and corrosion.
 o - a +4 troll leather armour (melded)
 p - the +4 ring mail of Summertime {Will++}
   (You found it on level 4 of the Lair of Beasts)

   Will:      It greatly increases your willpower.
 P - a +0 pair of boots of stealth (melded)
 R - a +1 pair of gloves (melded)
 V - a +2 kite shield of protection (worn)
Jewellery
 g - an amulet of reflection (around neck)
 j - a +4 ring of protection (left fist)
 k - a ring of flight
 n - a ring of ice
 q - a +6 ring of intelligence
 B - a ring of positive energy
 K - a ring of fire
 S - a +6 ring of intelligence
 T - a +6 ring of dexterity (right fist)
Wands
 c - a wand of iceblast (6)
 Z - a wand of acid (14)
Scrolls
 e - a scroll of enchant weapon
 i - 3 scrolls of fog
 y - 2 scrolls of silence
 z - 7 scrolls of identify
 A - 2 scrolls of torment
 C - 7 scrolls of magic mapping
 H - 2 scrolls of holy word
 N - 4 scrolls of fear
 O - a scroll of amnesia
 U - a scroll of summoning
 X - 5 scrolls of immolation
Potions
 h - 2 potions of magic
 l - 2 potions of resistance
 r - 3 potions of might
 t - 4 potions of ambrosia
 v - 5 potions of flight
 E - 6 potions of heal wounds
 F - 3 potions of brilliance
 G - 7 potions of cancellation
 I - 2 potions of mutation
 J - 2 potions of invisibility
 Q - 25 potions of curing
Miscellaneous
 s - a box of beasts
 w - a lightning rod (4/4)
 M - a phantom mirror


   Skills:
 - Level 10.0 Fighting
 - Level 8.0 Polearms
 - Level 10.0 Armour
 - Level 7.0 Dodging
 - Level 2.4 Stealth
 * Level 9.1 Shields
 - Level 10.0 Spellcasting
 - Level 6.0 Conjurations
 - Level 17.2 Necromancy
 - Level 12.0 Transmutations
 - Level 20.0 Earth Magic


You had 7 spell levels left.
You knew the following spells:

 Your Spells              Type           Power      Damage    Failure   Level
a - Searing Ray           Conj           100%       2d8       2%          2
b - Stone Arrow           Conj/Erth      100%       3d13      1%          3
c - Magic Dart            Conj           100%       1d8       1%          1
d - Vampiric Draining     Necr           93%        2d12      1%          3
e - Iron Shot             Conj/Erth      40%        9d8       10%         6
f - Petrify               Tmut/Erth      90%        N/A       1%          4
g - Statue Form           Tmut/Erth      60%        N/A       3%          6
h - Dispel Undead         Necr           93%        3d29      1%          4
z - Sublimation of Blood  Necr           93%        N/A       1%          2

Your spell library contained the following spells:

 Spells                   Type           Power      Damage    Failure   Level
 Animate Skeleton         Necr           100%       N/A       1%          1
 Beastly Appendage        Tmut           100%       N/A       1%          1
 Pain                     Necr           100%       1d9       1%          1
 Sandblast                Erth           100%       2d20      1%          1
 Passwall                 Tmut/Erth      75%        N/A       1%          2
 Wereblood                Tmut           78%        N/A       1%          2
 Animate Dead             Necr           46%        N/A       1%          4
 Agony                    Necr           93%        N/A       1%          5
 Excruciating Wounds      Necr           46%        N/A       1%          5
 Spider Form              Tmut/Pois      55%        N/A       4%          3
 Anguish                  Hex/Necr       33%        N/A       4%          4
 Dazzling Flash           Conj/Hex       74%        N/A       12%         3
 Apportation              Tloc           32%        N/A       13%         1
 Summon Small Mammal      Summ           64%        N/A       13%         1
 Ensorcelled Hibernation  Hex/Ice        32%        N/A       19%         2
 Iskenderun's Battlesphe  Conj           55%        2d11      28%         5
 Gell's Gravitas          Tloc           16%        N/A       34%         3
 Lesser Beckoning         Tloc           16%        N/A       34%         3
 Teleport Other           Tloc           16%        N/A       34%         3
 Fulminant Prism          Conj/Hex       18%        3d11      34%         4
 Iskenderun's Mystic Bla  Conj/Tloc      37%        2d9       34%         4
 Simulacrum               Ice/Necr       33%        N/A       45%         6
 Haunt                    Necr/Summ      33%        N/A       95%         7
 Metabolic Englaciation   Hex/Ice        8%         N/A       96%         5
 Spellforged Servitor     Conj/Summ      18%        N/A       100%        7
 Borgnjor's Revivificati  Necr           46%        N/A       54%         8
 Infestation              Necr           46%        N/A       54%         8
 Necromutation            Tmut/Necr      43%        N/A       87%         8
 Death's Door             Necr           46%        N/A       100%        9


Dungeon Overview and Level Annotations

Branches:
Dungeon (15/15)            Temple (1/1) D:5            Lair (6/6) D:10
 Shoals (0/4) Lair:2        Snake (4/4) Lair:2        Slime (0/5) Lair:5
    Orc (2/2) D:10            Elf (0/3) Orc:2        Vaults (0/5) D:13
 Depths (0/4) D:15

Altars:
Ashenzari
Cheibriados
Dithmenos
Elyvilon
Fedhas
Gozag
Hepliaklqana
Kikubaaqudgha
Makhleb
Nemelex Xobeh
Okawaru
Qazlal
Ru
Sif Muna
Trog
Uskayaw
Vehumet
Wu Jian
Xom
Yredelemnul
Zin
The Shining One
Beogh
Lugonu

Shops:
D:5 :   D:7 !   D:8 !   D:12 *   D:15 :   Orc:2 ?![[   Snake:2 !

Portals:
Abyss: Lair:6


Innate Abilities, Weirdness & Mutations

You are a living statue of rough stone.
Your actions are slow, but your melee attacks are powerful.
You are resistant to unholy torment.
Your maximum health is greatly increased.
You are immune to poison.
Your equipment is partially melded.
You cannot be hasted, slowed, berserked, paralysed or teleported.
You can dig through walls and to a lower floor.
You have a pair of large antennae on your head. (SInv)
Your four strong arms can wield two-handed weapons with a shield.
You are agile. (Dex +2)
You possess an exceptional clarity of mind.
Your spells are a little harder to cast, but a little more powerful.


Message History

The naga warrior constricts you.
Casting: Vampiric Draining (safe; 1% risk of failure)
Confirm with . or Enter, or press ? or * to list all spells.
Aiming: Vampiric Draining (safe; 1% risk of failure)
Press: ? - help, Shift-Dir - straight line, f/p - naga warrior
Aim: a naga warrior, wielding a +0 glaive (moderately wounded, constricting you, strong)
You draw life force from the naga warrior!
You feel life coursing into your body. The naga warrior completely misses you.
The naga warrior constricts you.
Casting: Vampiric Draining (safe; 1% risk of failure)
Confirm with . or Enter, or press ? or * to list all spells.
Aiming: Vampiric Draining (safe; 1% risk of failure)
Press: ? - help, Shift-Dir - straight line, f/p - naga warrior
Aim: a naga warrior, wielding a +0 glaive (heavily wounded, constricting you, strong)
You draw life force from the naga warrior!!
You feel life coursing into your body!
The naga warrior hits you with a +0 glaive!!!
The naga warrior constricts you. You block the naga warrior's attack.
The naga warrior constricts you.
Casting: Vampiric Draining (safe; 1% risk of failure)
Confirm with . or Enter, or press ? or * to list all spells.
Aiming: Vampiric Draining (safe; 1% risk of failure)
Press: ? - help, Shift-Dir - straight line, f/p - naga warrior
Aim: a naga warrior, wielding a +0 glaive (severely wounded, constricting you, strong)
You draw life force from the naga warrior!
You feel life coursing into your body!
The naga warrior hits you with a +0 glaive!!!
The naga warrior constricts you.
Casting: Vampiric Draining (safe; 1% risk of failure)
Confirm with . or Enter, or press ? or * to list all spells.
Aiming: Vampiric Draining (safe; 1% risk of failure)
Press: ? - help, Shift-Dir - straight line, f/p - naga warrior
Aim: a naga warrior, wielding a +0 glaive (severely wounded, constricting you, strong)
You draw life force from the naga warrior!
You feel life coursing into your body!
The naga warrior hits you with a +0 glaive!!
You die...
Your body crumbles into a pile of gold.

.......#..........
.....N.#.N........
#...$.........{ ######.{....##
#......# #$.....# #......#
####....## ##8##....#
#########N###....##########
#.......##{..N..###.##.....
##.####.##.{.....)##.###..).
###.## #.#..........).#####).
#..#.####................##.).
#####......................###
##......................#
##(##................###.##


You could see a naga warrior (strong).

Vanquished Creatures
  Saint Roka (Snake:3)
  Jorgrun (Orc:1)
  Rupert (Snake:1)
  Roxanne (Snake:4)
  5 nagarajas
  An orc warlord (Orc:1)
  Aizul (Snake:1)
  The ghost of Peloso the Fencer, a journeyman MiFi of Okawaru (D:13)
  The ghost of Ikheod the Impaler, a journeyman MfGl of Okawaru (Lair:6)
  A stone giant (D:15)
  2 ettins
  3 vault guards (D:13)
  5 boulder beetles
  7 hydras
  2 salamander tyrants
  Erolcha (Orc:1)
  Erica (D:8)
  9 centaur warriors
  An ogre mage (D:12)
  12 naga warriors
  A catoblepas (Lair:6)
  3 tengu warriors (D:15)
  9 two-headed ogres
  6 anacondas
  12 death yaks
  8 naga sharpshooters
  4 orc high priests (Orc:2)
  10 shock serpents
  3 thrashing horrors (Lair:6)
  Urug (Lair:3)
  Nergalle (D:10)
  A skeletal warrior (D:14)
  A salamander mystic (Snake:2)
  A sea snake (Snake:1)
  The ghost of Doot the Thaumaturge, a novice DsFE of Cheibriados (D:8)
  10 naga ritualists
  A wizard (D:14)
  A deep elf pyromancer (D:13)
  2 necromancers (D:13)
  13 orc knights
  Pikel (D:6)
  25 mana vipers
  4 orc sorcerers
  3 stone giant zombies
  8 cyclopes
  A sphinx skeleton (D:13)
  A manticore (D:14)
  25 ugly things
  15 salamanders
  47 black mambas
  A frost giant skeleton (D:13)
  20 elephants
  19 naga magi
  2 smoke demons (Lair:6)
  6 guardian serpents
  A gargoyle (D:14)
  4 unseen horrors
  Psyche (D:7)
  2 rime drakes
  A kobold demonologist (D:9)
  8 cane toads
  A yaktaur (D:15)
  An efreet (D:13)
  12 komodo dragons
  A yaktaur skeleton (D:13)
  4 polar bears
  5 trolls
  2 ancient zymes (Lair:6)
  A harpy zombie (D:13)
  A queen bee (shapeshifter) (D:14)
  2 hydra zombies
  3 hornets
  A wind drake (shapeshifter) (Lair:6)
  A hydra skeleton (D:13)
  Prince Ribbit (D:7)
  9 slime creatures
  7 dream sheep
  A boulder beetle zombie (D:12)
  22 blink frogs
  14 small abominations (Lair:6)
  An ettin skeleton (Orc:2)
  An ice dragon skeleton (D:13)
  3 ynoxinuls
  62 yaks
  2 vampires
  4 wraiths
  4 spriggans (Lair:6)
  A wyvern (Lair:4)
  6 basilisks
  19 humans (D:13)
  Grum (D:8)
  6 vampire mosquitoes
  3 steam dragons
  2 chaos spawn (Lair:6)
  2 elf skeletons (D:13)
  A human zombie (D:13)
  43 nagas
  An acid dragon (D:14)
  14 two-headed ogre zombies (Orc:1)
  5 wargs
  18 water moccasins
  A human skeleton (D:13)
  2 large abominations (Lair:6)
  Duvessa (D:6)
  48 orc warriors
  3 sky beasts
  A two-headed ogre skeleton (Orc:2)
  2 black bears
  A manticore zombie (Lair:6)
  A boggart (Lair:6)
  15 ogres
  A necrophage (D:7)
  5 wolves
  24 centaurs
  A phantom (D:5)
  10 kobold brigands
  A komodo dragon zombie (Lair:6)
  Blork the orc (D:6)
  8 bullfrogs
  2 scorpions
  A wyvern zombie (D:5)
  A water moccasin zombie (D:5)
  A komodo dragon skeleton (Lair:6)
  A gnoll sergeant (D:9)
  3 water moccasin skeletons
  Dowan (D:6)
  2 warg skeletons (Orc:2)
  6 wights
  A yak skeleton (Lair:6)
  2 electric eels
  2 howler monkeys (D:12)
  3 bullfrog zombies
  A centaur skeleton (D:7)
  2 centaur zombies
  5 hounds
  A jelly (D:7)
  33 orc priests
  A bullfrog skeleton (D:5)
  A gnoll shaman (D:7)
  3 iguanas
  15 orc wizards
  A kobold zombie (D:12)
  2 ogre skeletons (Orc:2)
  A hound zombie (D:13)
  A hound skeleton (D:5)
  A howler monkey zombie (D:8)
  8 gnolls
  8 adders
  A gnoll skeleton (D:13)
  7 orc skeletons
  A shadow imp (D:6)
  A white imp (D:4)
  2 ufetubi
  An iguana skeleton (D:13)
  An orc zombie (D:12)
  An adder skeleton (D:4)
  An adder zombie (D:12)
  2 worms
  62 orcs
  2 bats (D:3)
  3 endoplasms
  A giant cockroach (D:2)
  7 goblins
  9 hobgoblins
  28 kobolds
  4 quokkas
  11 ball pythons
  4 frilled lizards
  A giant cockroach zombie (D:12)
  A hobgoblin zombie (D:12)
  4 rats
  A rat skeleton (D:13)
1021 creatures vanquished.

Vanquished Creatures (collateral kills)
  A boulder beetle (Lair:4)
1 creature vanquished.

Vanquished Creatures (others)
  Asterion (Snake:1)
  A spriggan (Lair:6)
  A yak (Lair:2)
  2 nagas
  An adder zombie (D:12)
  A bat zombie (D:12)
  25 fungi
  108 plants
140 creatures vanquished.

Grand Total: 1162 creatures vanquished

Notes
Turn   | Place    | Note
-------+----------+-------------------------------------------
     0 | D:1      | DildoBatman the Formicid Conjurer began the quest for the
                  | Orb.
     0 | D:1      | Reached XP level 1. HP: 13/13 MP: 3/3
   153 | D:1      | Reached XP level 2. HP: 19/19 MP: 3/5
   157 | D:1      | Learned a level 2 spell: Searing Ray
   388 | D:1      | Reached XP level 3. HP: 24/24 MP: 6/6
   898 | D:2      | Found a faded altar of an unknown god.
   914 | D:2      | Reached XP level 4. HP: 30/30 MP: 2/7
   954 | D:2      | Reached skill level 5 in Conjurations
  1010 | D:2      | Found a stormy altar of Qazlal.
  1367 | D:3      | Found a white marble altar of Elyvilon.
  1368 | D:3      | Found a sacrificial altar of Ru.
  1368 | D:3      | Found a hide-covered altar of Uskayaw.
  1376 | D:3      | Found a shimmering blue altar of Sif Muna.
  1376 | D:3      | Found a shadowy altar of Dithmenos.
  1377 | D:3      | Found a glowing golden altar of the Shining One.
  1439 | D:3      | Found a sparkling altar of Nemelex Xobeh.
  1573 | D:3      | Found a stormy altar of Qazlal.
  1574 | D:3      | Found an opulent altar of Gozag.
  1686 | D:3      | Reached XP level 5. HP: 30/36 MP: 4/8
  2029 | D:4      | Reached skill level 1 in Fighting
  2029 | D:4      | Reached skill level 1 in Armour
  2298 | D:4      | Noticed an ogre
  2308 | D:4      | Killed an ogre
  2309 | D:4      | Reached XP level 6. HP: 15/44 MP: 3/10
  2417 | D:5      | Entered Level 5 of the Dungeon
  2600 | D:5      | Reached XP level 7. HP: 29/50 MP: 8/12
  2961 | D:5      | Reached skill level 5 in Spellcasting
  2961 | D:5      | Reached XP level 8. HP: 51/56 MP: 6/15
  3113 | D:5      | Found Vifam's Self-Improvement Boutique.
  3147 | D:5      | Found a staircase to the Ecumenical Temple.
  3171 | Temple   | Entered the Ecumenical Temple
  3424 | D:5      | Found a shimmering altar of Xom.
  3517 | D:5      | Reached skill level 5 in Armour
  3623 | D:6      | Found a blossoming altar of Fedhas.
  3705 | D:6      | Noticed Blork the orc
  4193 | D:8      | Noticed a ynoxinul
  4194 | D:8      | Found a runed translucent door.
  4195 | D:8      | Noticed Doot's ghost (novice DsFE)
  4320 | D:8      | Found Vylaitu's Distillery.
  4327 | D:8      | Bought a potion of curing for 36 gold pieces
  4327 | D:8      | Bought a potion of heal wounds for 60 gold pieces
  4327 | D:8      | Bought a potion of degeneration for 12 gold pieces
  4327 | D:8      | Bought a potion of flight for 36 gold pieces
  4392 | D:8      | Noticed Prince Ribbit
  4498 | D:8      | Noticed Psyche
  4553 | D:8      | Reached XP level 9. HP: 33/62 MP: 9/19
  4847 | D:8      | Noticed Erica
  5119 | D:7      | Reached skill level 5 in Fighting
  5228 | D:8      | Noticed Grum
  5916 | D:9      | Found an ancient bone altar of Kikubaaqudgha.
  5924 | D:9      | Became a worshipper of Kikubaaqudgha
  6624 | D:6      | Killed Blork the orc
  6810 | D:6      | Noticed Dowan
  6812 | D:6      | Noticed Duvessa
  6842 | D:6      | Killed Duvessa
  6851 | D:6      | Killed Dowan
  6852 | D:6      | Reached skill level 1 in Necromancy
  6931 | D:6      | Noticed Pikel
  6966 | D:6      | Killed Pikel
  6967 | D:6      | Reached skill level 5 in Dodging
  6967 | D:6      | Reached XP level 10. HP: 42/74 MP: 8/21
  7214 | D:7      | Found Gaefim's Distillery.
  7660 | D:7      | Killed Prince Ribbit
  7905 | D:7      | Reached * piety under Kikubaaqudgha
  7905 | D:7      | Received a gift from Kikubaaqudgha
  7906 | D:7      | Reached skill level 5 in Necromancy
  7932 | D:7      | Learned a level 2 spell: Sublimation of Blood
  7936 | D:7      | Learned a level 3 spell: Vampiric Draining
  8120 | D:7      | Killed Psyche
  8529 | D:8      | Killed Grum
  8830 | D:8      | Killed Erica
  9144 | D:9      | Noticed a kobold demonologist
  9161 | D:9      | Reached XP level 11. HP: 64/77 MP: 19/23
  9208 | D:9      | Reached skill level 10 in Necromancy
  9415 | D:9      | Found an iron altar of Okawaru.
  9426 | D:9      | Reached ** piety under Kikubaaqudgha
 10112 | D:9      | Noticed a boulder beetle
 10412 | D:10     | Entered Level 10 of the Dungeon
 10598 | D:10     | Found a staircase to the Lair.
 10781 | D:10     | Noticed a two-headed ogre
 10832 | D:9      | Killed a two-headed ogre
 11028 | D:10     | Found a staircase to the Orcish Mines.
 11184 | D:10     | Noticed a two-headed hydra
 11189 | D:10     | Killed a one-headed hydra
 11269 | D:10     | Reached XP level 12. HP: 66/87 MP: 13/24
 11654 | D:11     | Noticed a boulder beetle
 12331 | D:11     | Noticed a two-headed ogre
 12354 | D:11     | Killed a two-headed ogre
 12726 | D:11     | Noticed a four-headed hydra
 12733 | D:11     | Killed a one-headed hydra
 13094 | D:10     | Killed a boulder beetle
 13234 | D:8      | Killed a boulder beetle
 13434 | D:8      | Killed Doot's ghost
 13457 | D:8      | Got Nyc Liade's Grimoire of the Rocks
 13465 | D:8      | Learned a level 4 spell: Petrify
 13472 | D:8      | Learned a level 6 spell: Iron Shot
 13544 | Orc:1    | Entered Level 1 of the Orcish Mines
 13544 | Orc:1    | Noticed Nergalle
 13641 | D:10     | Reached *** piety under Kikubaaqudgha
 13641 | D:10     | Received a gift from Kikubaaqudgha
 13642 | D:10     | Reached skill level 2 in Earth Magic
 13729 | D:10     | Reached skill level 3 in Earth Magic
 13812 | D:10     | Reached skill level 4 in Earth Magic
 13867 | D:10     | Killed Nergalle
 13868 | D:10     | Reached skill level 5 in Earth Magic
 13908 | D:10     | Reached XP level 13. HP: 53/98 MP: 17/25
 14016 | Orc:1    | Noticed an ettin
 14077 | D:10     | Killed an ettin
 14078 | D:10     | Reached skill level 6 in Earth Magic
 14207 | Orc:1    | Reached skill level 7 in Earth Magic
 14338 | Orc:1    | Noticed Erolcha
 14456 | D:10     | Learned a level 4 spell: Dispel Undead
 14474 | Lair:1   | Entered Level 1 of the Lair of Beasts
 14494 | Lair:1   | Reached skill level 8 in Earth Magic
 14562 | Lair:1   | Reached skill level 9 in Earth Magic
 14784 | Lair:1   | Reached skill level 10 in Earth Magic
 15233 | Lair:1   | Reached skill level 11 in Earth Magic
 15574 | Lair:2   | Reached **** piety under Kikubaaqudgha
 15601 | Lair:2   | Found a staircase to the Snake Pit.
 15777 | Lair:2   | Found a staircase to the Shoals.
 16368 | Lair:3   | Noticed Urug
 16409 | Lair:2   | Reached skill level 12 in Earth Magic
 16708 | Lair:2   | Reached skill level 13 in Earth Magic
 16770 | Lair:3   | Killed Urug
 16847 | Lair:3   | Found a sacrificial altar of Ru.
 16917 | Lair:3   | Learned a level 3 spell: Stone Arrow
 17302 | Lair:3   | Reached XP level 14. HP: 34/105 MP: 16/26
 17344 | Lair:4   | Reached skill level 14 in Earth Magic
 17561 | Lair:4   | Identified the +4 ring mail of Summertime {Will++}
 17738 | Lair:4   | Reached ***** piety under Kikubaaqudgha
 17874 | Lair:4   | Reached skill level 15 in Earth Magic
 18280 | Lair:4   | Reached skill level 16 in Earth Magic
 19364 | Lair:5   | Reached skill level 17 in Earth Magic
 19753 | Lair:5   | Found a staircase to the Slime Pits.
 20287 | Lair:6   | Entered Level 6 of the Lair of Beasts
 20345 | Lair:6   | Reached skill level 18 in Earth Magic
 20464 | Lair:6   | Reached XP level 15. HP: 61/95 MP: 4/27
 20638 | Lair:6   | Found a runed translucent door.
 20638 | Lair:6   | Noticed Ikheod's ghost (journeyman MfGl)
 20638 | Lair:6   | Identified the +8 trident "Modweus" {freeze, Str+5 Int+5
                  | Dex+4}
 21021 | Lair:6   | Reached skill level 19 in Earth Magic
 22080 | Lair:6   | Reached skill level 20 in Earth Magic
 22083 | Lair:6   | Reached ****** piety under Kikubaaqudgha
 22084 | Lair:6   | Received a gift from Kikubaaqudgha
 22152 | Lair:5   | Fell from the grace of Kikubaaqudgha
 22383 | D:3      | Became a worshipper of Gozag Ym Sagoz the Greedy
 22553 | Lair:1   | You fall into a shaft and drop 1 floor!
 22556 | Lair:2   | You fall into a shaft and drop 2 floors!
 22658 | Lair:6   | Identified the ring "Syax" {Drain rN+ Dex+3 Stlth+}
 22888 | Orc:1    | Killed Erolcha
 23634 | Orc:1    | Noticed Jorgrun
 23663 | Orc:1    | Killed Jorgrun
 23781 | Orc:2    | Entered Level 2 of the Orcish Mines
 24231 | Orc:2    | Reached skill level 10 in Spellcasting
 24326 | Orc:2    | Noticed an orc warlord
 24508 | Orc:1    | HP: 4/83 [orc warlord/+0 battleaxe (33)]
 24583 | Orc:1    | Killed an orc warlord
 25326 | Orc:2    | Found a staircase to the Elven Halls.
 25612 | Orc:2    | Reached XP level 16. HP: 67/91 MP: 21/30
 25812 | Orc:2    | HP: 5/100 [orc knight/+3 battleaxe (28)]
 26045 | Orc:2    | Reached skill level 10 in Armour
 26297 | Orc:2    | Found Laruwn's Distillery.
 26297 | Orc:2    | Found Wosi's Magic Scroll Emporium.
 26298 | Orc:2    | Found Ceschabes's Antique Armour Emporium.
 26298 | Orc:2    | Found Firuass's Armour Shoppe.
 26305 | Orc:2    | Bought a potion of mutation for 128 gold pieces
 26305 | Orc:2    | Bought a potion of resistance for 160 gold pieces
 26305 | Orc:2    | Bought a potion of magic for 128 gold pieces
 26305 | Orc:2    | Bought a potion of invisibility for 128 gold pieces
 26305 | Orc:2    | Bought a potion of brilliance for 64 gold pieces
 26305 | Orc:2    | Bought 2 potions of cancellation for 256 gold pieces
 26305 | Orc:2    | Gained mutation: Your magical capacity is low. (-10% MP)
                  | [potion of mutation]
 26305 | Orc:2    | Gained mutation: Your mind is acute. (Int +2) [potion of
                  | mutation]
 26306 | Orc:2    | Lost mutation: Your magical capacity is low. (-10% MP)
                  | [potion of mutation]
 26306 | Orc:2    | Lost mutation: Your mind is acute. (Int +2) [potion of
                  | mutation]
 26306 | Orc:2    | Gained mutation: You possess an exceptional clarity of
                  | mind. [potion of mutation]
 26306 | Orc:2    | Gained mutation: Your spells are a little harder to cast,
                  | but a little more powerful. [potion of mutation]
 26306 | Orc:2    | Gained mutation: You are agile. (Dex +2) [potion of
                  | mutation]
 26311 | Orc:2    | Bought a scroll of noise for 16 gold pieces
 26311 | Orc:2    | Bought a scroll of fog for 32 gold pieces
 26311 | Orc:2    | Bought a scroll of identify for 32 gold pieces
 26311 | Orc:2    | Bought a scroll of identify for 32 gold pieces
 26311 | Orc:2    | Bought a scroll of identify for 32 gold pieces
 26311 | Orc:2    | Bought a scroll of immolation for 56 gold pieces
 26315 | Orc:2    | Bought a potion of curing for 48 gold pieces
 26315 | Orc:2    | Bought a potion of curing for 48 gold pieces
 26541 | D:7      | Bought a potion of curing for 30 gold pieces
 26541 | D:7      | Bought a potion of heal wounds for 50 gold pieces
 26541 | D:7      | Bought a potion of ambrosia for 80 gold pieces
 26541 | D:7      | Bought a potion of curing for 30 gold pieces
 26541 | D:7      | Bought a potion of might for 40 gold pieces
 27079 | Lair:6   | Reached skill level 10 in Fighting
 27079 | Lair:6   | Reached skill level 1 in Transmutations
 27276 | Lair:6   | Found a corrupted altar of Lugonu.
 27276 | Lair:6   | Found a one-way gate to the infinite horrors of the Abyss.
 27281 | Lair:6   | Identified the +5 ring mail of the Goldsmith {-Cast Regen+
                  | rCorr Dex-4}
 27552 | Lair:6   | Killed Ikheod's ghost
 27716 | Lair:6   | Learned a level 6 spell: Statue Form
 27898 | D:12     | Found Ymutamom's CLEARANCE SALE!.
 27930 | D:12     | Reached skill level 1 in Polearms
 28006 | D:12     | Reached skill level 5 in Transmutations
 29493 | D:13     | Reached skill level 5 in Polearms
 30286 | D:13     | Found a runed translucent gate.
 30287 | D:13     | Found a runed translucent gate.
 30288 | D:13     | Noticed Peloso's ghost (journeyman MiFi)
 30288 | D:13     | Found a runed translucent gate.
 30311 | D:13     | Killed Peloso's ghost
 30430 | D:13     | Identified the +0 pair of gloves "Mucwirus" {-Cast Fly
                  | rPois SInv}
 30746 | D:13     | Found a gate to the Vaults.
 30870 | D:13     | Reached XP level 17. HP: 44/123 MP: 26/31
 30939 | D:13     | Reached skill level 1 in Shields
 31393 | D:13     | Was forgiven by Kikubaaqudgha
 31623 | D:14     | Reached skill level 5 in Shields
 32477 | D:15     | Entered Level 15 of the Dungeon
 32619 | D:15     | Found a staircase to the Depths.
 32795 | D:15     | Found a shimmering blue altar of Sif Muna.
 33046 | D:15     | Found a stormy altar of Qazlal.
 33048 | D:15     | Found Basoejo's Book Boutique.
 33522 | Snake:1  | Entered Level 1 of the Snake Pit
 33557 | Snake:1  | Noticed Rupert
 33704 | Snake:1  | Noticed Aizul
 33743 | Snake:1  | Noticed Asterion
 33899 | Snake:1  | Killed Rupert
 34285 | Snake:1  | Identified the +3 bardiche "Qyboig" {vorpal, Int+3 Dex+2}
 34444 | Snake:1  | Reached skill level 10 in Transmutations
 34933 | Snake:1  | Killed Asterion
 35504 | Snake:1  | Killed Aizul
 35509 | Snake:1  | Reached XP level 18. HP: 133/133 MP: 15/32
 35871 | Snake:2  | HP: 6/174 [salamander/+0 trident (8)]
 36146 | Snake:2  | Found Nic Ucyi's Distillery.
 36154 | Snake:2  | Bought a potion of curing for 54 gold pieces
 36154 | Snake:2  | Bought a potion of curing for 54 gold pieces
 36154 | Snake:2  | Bought a potion of cancellation for 144 gold pieces
 36154 | Snake:2  | Bought a potion of mutation for 144 gold pieces
 36154 | Snake:2  | Bought a potion of mutation for 144 gold pieces
 36840 | Snake:3  | Noticed Saint Roka
 37330 | Snake:3  | Killed Saint Roka
 37446 | Snake:3  | Reached skill level 15 in Necromancy
 37710 | Snake:3  | Reached XP level 19. HP: 122/136 MP: 24/33
 38444 | Snake:4  | Entered Level 4 of the Snake Pit
 39336 | Snake:4  | Noticed Roxanne
 39380 | Snake:4  | Killed Roxanne
 39809 | Snake:4  | Slain by a naga warrior

Illustrated notes

Levels and vault maps discovered:
D:1:      roderic_dead_forest, layout_basic, corexii_leaking_fountain,
          minivault_11
D:2:      layout_loops_ring, dreamdust_ecumenical_altar_angels_and_demons,
          basic_altar
D:3:      layout_basic, mainiacjoe_overflow_concentric_impassable,
          grunt_temple_overflow_open, mainiacjoe_overflow_divided_tiny,
          kennysheep_decorative_pillar
D:4:      layout_rooms, chequers_serial_rivers_marsh
D:5:      cheibrodos_thug_alley, layout_basic, mainiacjoe_overflow_boulevard,
          lemuel_temple_firewalk_a, nicolae_shop_self_help
D:6:      layout_gridville, fedhas_altar_1, uniq_duvessa, uniq_blork_the_orc,
          uniq_pikel
D:7:      layout_layer_cave, serial_shops, nicolae_shop_statue_plus
D:8:      layout_basic, serial_shops, shop, hellmonk_ghost_big_iron, uniq_erica,
          uniq_prince_ribbit1, uniq_psyche, uniq_grum
D:9:      layout_stronghold, okawaru_trees_1,
          nicolae_kikubaaqudgha_miasma_corner
D:10:     layout_irregular_city, lair_entry_dummy, orc_0_dummy, hangedman_ranch
D:11:     layout_basic
D:12:     layout_big_octagon, serial_park_tiny_pond, grunt_ogre_cave,
          minivault_26, nicolae_shop_clearance
D:13:     layout_roguey, grunt_vaults_entry_tiered, biasface_ghost_orc_armoury
D:14:     layout_roguey, serial_park_square3 [serial_park_minivault_5x5_3]
D:15:     grunt_enter_depths_snipers, layout_irregular_city,
          nicolae_qazlal_scattered_showers, serial_shops, shop, led_sif_pool
Temple:   kb_temple_of_zot
Lair:1:   layout_cave_pods
Lair:2:   layout_small_grid, shoals_dummy_entry, dummy_snake_entry
Lair:3:   layout_cave_shapes, basic_altar, lemuel_fruit_fields, uniq_urug
Lair:4:   layout_loops_ring, beast_lair_carwin_8, wad_woods_river_01
Lair:5:   layout_concentric_octagons, slime_dummy
Lair:6:   hellmonk_lair_end_abyssal_woods, layout_cave_pods,
          ebering_ghost_funeral_grove, infiniplex_staircase_pool,
          grunt_megastairs_3, serial_bayou_shore_a
Snake:1:  layout_chambers, serial_bayou_lagoon_a, grunt_megastairs_2,
          uniq_asterion, uniq_aizul, uniq_rupert
Snake:2:  layout_rooms, serial_shops, shop_statue, hangedman_snake_corridor_cut
Snake:3:  layout_chambers, nicolae_snake_mages_go_home, uniq_saint_roka
Snake:4:  minmay_snake_end_coiled, layout_chambers,
          nicolae_snake_gridmaze_waves, uniq_roxanne
Orc:1:    lemuel_ogre_cave, layout_caves, uniq_jorgrun, uniq_nergalle
Orc:2:    st_orc_pillars, layout_caves

Skill      XL: |  1  2  3  4  5  6  7  8  9 10 11 12 13 14 15 16 17 18 19 |
---------------+----------------------------------------------------------+-----
Conjurations   | 4 5 6 |  6.0
Fighting       | 2 5 8 9 10 | 10.0
Armour         | 2 4 6 8 9 10 | 10.0
Spellcasting   | 3 5 6 7 8 10 | 10.0
Dodging        | 5 7 |  7.0
Necromancy     | 2 9 12 15 17 | 17.2
Earth Magic    | 5 13 18 20 | 20.0
Transmutations | 8 11 12 | 12.0
Polearms       | 6 8 |  8.0
Shields        | 9 |  9.1
Stealth        | |  2.4

Action                   |  1- 3 |  4- 6 |  7- 9 | 10-12 | 13-15 | 16-18 | 19-21 || total
-------------------------+-------+-------+-------+-------+-------+-------+-------++-------
Melee: Dagger            |     5 |       |       |       |       |       |       ||     5
       Mace              |    10 |       |       |       |       |       |       ||    10
       Trident           |     6 |    98 |    77 |    35 |       |  1325 |   303 ||  1844
       Punch             |       |     1 |     1 |     3 |    39 |    16 |       ||    60
       Unarmed           |       |       |     1 |       |       |       |       ||     1
       Flail             |       |       |       |   126 |     8 |       |       ||   134
       Scimitar          |       |       |       |   130 |  1231 |    88 |       ||  1449
 Cast: Magic Dart        |    26 |     1 |    11 |    31 |    10 |    35 |     3 ||   117
       Searing Ray       |     4 |    10 |    51 |    86 |    69 |    11 |       ||   231
       Vampiric Draining |       |       |       |    93 |   296 |   133 |     9 ||   531
       Sublimation of Bl |       |       |       |    16 |   129 |   133 |       ||   278
       Stone Arrow       |       |       |       |       |   164 |   312 |     6 ||   482
       Iron Shot         |       |       |       |       |     1 |    23 |       ||    24
       Dispel Undead     |       |       |       |       |     1 |    47 |       ||    48
       Petrify           |       |       |       |       |     1 |       |       ||     1
       Statue Form       |       |       |       |       |       |    30 |    13 ||    43
Invok: Receive Forbidden |       |       |       |       |     1 |       |       ||     1
       Renounce Religion |       |       |       |       |     1 |       |       ||     1
 Abil: Dig               |       |       |     8 |     9 |    39 |    13 |     4 ||    73
       Shaft Self        |       |       |       |       |     2 |       |       ||     2
       End Transformatio |       |       |       |       |       |    26 |     8 ||    34
Evoke: Phantom mirror    |       |       |       |       |     1 |       |       ||     1
  Use: Scroll            |       |       |     3 |     4 |     9 |     9 |     4 ||    29
       Potion            |       |       |       |     1 |       |     3 |       ||     4
 Stab: Sleeping          |     5 |     4 |       |     2 |     3 |    10 |     2 ||    26
       Distracted        |       |     1 |       |     1 |     1 |    17 |     2 ||    22
       Petrified         |       |       |       |       |     3 |       |       ||     3
Armor: Robe              |    13 |    49 |     1 |       |       |       |       ||    63
       Ring mail         |       |       |   180 |   235 |       |       |       ||   415
       Skin              |       |       |     3 |       |       |   214 |    78 ||   295
       Troll leather arm |       |       |       |    29 |   508 |   385 |    15 ||   937
Dodge: Dodged            |    27 |    62 |   145 |   437 |  1517 |  1219 |   125 ||  3532
Block: Other             |       |       |       |    60 |   425 |   239 |       ||   724
       Reflection        |       |       |       |     1 |     1 |    76 |    40 ||   118
       Kite shield       |       |       |       |       |       |   767 |   307 ||  1074
